 Dungeon Crawl Stone Soup version 0.29-a0-284-gf9362112df (webtiles) character file.

Game seed: 12844896615052009477

9541 rabbitsville the Geomancer (level 11, -6/74 HPs)
             Began as a Demigod Earth Elementalist on Mar 21, 2022.
             Mangled by a boulder beetle (10 damage)
             ... on level 10 of the Dungeon.
             The game lasted 00:43:30 (13742 turns).

rabbitsville the Geomancer (DgEE)                  Turns: 13742, Time: 00:43:31

Health: -6/74      AC:  6    Str:  9    XL:     11   Next: 4%
Magic:  16/27      EV: 12    Int: 37    God:
Gold:   265        SH:  0    Dex: 14    Spells: 21/25 levels left

rFire   . . .      SeeInvis .   D - +3 flail (protect)
rCold   . . .      Faith    .   (no shield)
rNeg    . . .      Spirit   .   b - +0 robe
rPois   +          Reflect  .   J - +2 helmet of the Cartwright {Int+2}
rElec   .          Harm     .   R - scarf {+Inv}
rCorr   .          Rampage  .   P - +0 pair of gloves
Will    +....                   (no boots)
Stlth   ++........              t - amulet of the acrobat
HPRegen 0.22/turn               h - +6 ring of intelligence
MPRegen 0.20/turn               E - ring of poison resistance

@: mighty
A: high MP 1, forlorn, divine attributes
a: Evoke Invisibility


You were on level 10 of the Dungeon.
You visited 1 branch of the dungeon, and saw 10 of its levels.
You also visited: Ossuary.

You collected 436 gold pieces.
You spent 171 gold pieces at shops.

Inventory:

Hand Weapons
 C - a +4 mace
 D - a +3 flail of protection (weapon)
Missiles
 j - 38 poisoned darts
 k - 54 stones
 n - 4 javelins
 G - 5 throwing nets
Armour
 b - a +0 robe (worn)
 F - a +0 cloak
 J - the +2 helmet of the Cartwright (worn) {Int+2}
   (You bought it in a shop on level 6 of the Dungeon)

   Int:       It affects your intelligence (+2).
 P - a +0 pair of gloves (worn)
 R - a scarf of invisibility (worn)
Jewellery
 h - a +6 ring of intelligence (left hand)
 t - an amulet of the acrobat (around neck)
 E - a ring of poison resistance (right hand)
 H - a +6 ring of intelligence
 I - a +6 ring of strength
 L - a ring of fire
Wands
 m - a wand of flame (31)
 U - a wand of acid (6)
Scrolls
 d - 3 scrolls of enchant armour {unknown}
 f - 2 scrolls of enchant weapon {unknown}
 g - a scroll of brand weapon {unknown}
 l - 5 scrolls of teleportation
 o - 5 scrolls of immolation
 p - 13 scrolls of identify {unknown}
 q - a scroll of amnesia {unknown}
 s - 9 scrolls of noise
 y - 2 scrolls of vulnerability {unknown}
 K - a scroll of holy word {unknown}
 M - a scroll of acquirement {unknown}
 N - a scroll of fog {unknown}
 O - a scroll of torment {unknown}
 S - a scroll of magic mapping {unknown}
Potions
 a - 3 potions of might
 c - 2 potions of magic
 e - 6 potions of curing
 i - a potion of attraction {unknown}
 r - 2 potions of haste {unknown}
 u - 2 potions of invisibility {unknown}
 v - 5 potions of mutation
 w - 2 potions of lignification {unknown}
 x - a potion of brilliance {unknown}
 z - a potion of ambrosia {unknown}
 A - 2 potions of heal wounds {unknown}
 B - 2 potions of berserk rage {unknown}
 Q - 2 potions of cancellation {unknown}
 T - 2 potions of flight {unknown}


   Skills:
 - Level 1.7 Dodging
 - Level 1.7 Stealth
 + Level 7.8 Spellcasting
 - Level 5.8 Conjurations
 + Level 4.9 Transmutations
 * Level 12.0 Earth Magic


You had 21 spell levels left.
You knew the following spells:

 Your Spells              Type           Power      Damage    Failure   Level
a - Sandblast             Erth           100%       2d20      1%          1
b - Stone Arrow           Conj/Erth      100%       3d13      1%          3

Your spell library contained the following spells:

 Spells                   Type           Power      Damage    Failure   Level
 Magic Dart               Conj           100%       1d8       1%          1
 Sting                    Tmut/Pois      100%       1d8       1%          1
 Passwall                 Tmut/Erth      55%        N/A       1%          2
 Petrify                  Tmut/Erth      67%        N/A       1%          4
 Mephitic Cloud           Conj/Pois/Air  28%        N/A       3%          3
 Call Imp                 Summ           14%        N/A       4%          2
 Corpse Rot               Necr/Air       28%        N/A       4%          2
 Ensorcelled Hibernation  Hex/Ice        28%        N/A       4%          2
 Poisonous Vapours        Pois/Air       28%        N/A       4%          2
 Confusing Touch          Hex            14%        N/A       9%          3
 Swiftness                Air            14%        N/A       9%          3
 Olgreb's Toxic Radiance  Pois           14%        N/A       26%         4
 Yara's Violent Unravell  Hex/Tmut       16%        3d8       26%         5
 Enfeeble                 Hex            7%         N/A       100%        7


Dungeon Overview and Level Annotations

Branches:
Dungeon (10/15)            Temple (0/1) D:5            Lair (0/6) D:10
Ossuary (visited)
    Orc: D:9-12

Shops:
D:5 [   D:6 [   D:8 *

Annotations:
D:9 4 runed translucent doors


Innate Abilities, Weirdness & Mutations

You have an increased reservoir of magic. (+10% MP)
You shall have no god before yourself.
Your divine heritage dramatically boosts your attributes as you level up.


Message History

The boulder beetle bites you!
Aiming: Sandblast (safe; 1% risk of failure)
Press: ? - help, Q - select action, (/) - cycle Shift-Dir - straight line, f/p - boulder beetle
Aim: a boulder beetle (heavily wounded, 100% to hit)
The blast of sand hits the boulder beetle but does no damage.
The boulder beetle is heavily wounded.
The boulder beetle closely misses you.
Aiming: Sandblast (safe; 1% risk of failure)
Press: ? - help, Q - select action, (/) - cycle Shift-Dir - straight line, f/p - boulder beetle
Aim: a boulder beetle (heavily wounded, 100% to hit)
The blast of sand hits the boulder beetle but does no damage.
The boulder beetle is heavily wounded.
The boulder beetle bites you!!
You hit the boulder beetle but do no damage.
Your weapon exudes an aura of protection.
The boulder beetle is heavily wounded.
The boulder beetle closely misses you.
The boulder beetle bites you but does no damage.
Aiming: Sandblast (safe; 1% risk of failure)
Press: ? - help, Q - select action, (/) - cycle Shift-Dir - straight line, f/p - boulder beetle
Aim: a boulder beetle (moderately wounded, 100% to hit)
The blast of sand hits the boulder beetle but does no damage.
The boulder beetle is moderately wounded.
The boulder beetle bites you but does no damage.
Aiming: Sandblast (safe; 1% risk of failure)
Press: ? - help, Q - select action, (/) - cycle Shift-Dir - straight line, f/p - boulder beetle
Aim: a boulder beetle (moderately wounded, 100% to hit)
The blast of sand hits the boulder beetle but does no damage.
The boulder beetle is moderately wounded.
The boulder beetle bites you.
This spell is dangerous to cast!
Memorise Petrify, consuming 4 spell levels and leaving 17?
The boulder beetle bites you!!
Your memorisation is interrupted.
* * * LOW HITPOINT WARNING * * *
It was a potion of curing.
You feel better. The boulder beetle bites you!!
* * * LOW HITPOINT WARNING * * *
It was a potion of might.
You feel very mighty all of a sudden. The boulder beetle bites you!
You die...

####.........#........####
...'...).)...)........)...
####.......).#.##.....####
##.......##>##...###
##.....###....<.# ##...##
####.### ##'## #.#
##.########.#
#..@.....##.#
#.B#####.##.# #..○# #..
.....B. #># #..#...#.# #.#
#..#<...... ... ##.##....
.... #.# # ### ### #.#


You could see a boulder beetle.

Vanquished Creatures
  Harold (D:10)
  A centaur warrior (D:10)
  Maggie (D:8)
  A troll (D:10)
  Sigmund (D:6)
  18 yaks
  2 wyverns (D:10)
  A wraith (D:10)
  2 steam dragons
  A basilisk (D:10)
  4 vampire mosquitoes (D:10)
  Edmund (D:4)
  6 water moccasins
  Duvessa (D:4)
  3 black bears
  A sky beast (D:6)
  3 ogres
  4 centaurs
  A phantom (D:5)
  A kobold brigand (D:8)
  2 bullfrogs
  A necrophage (D:7)
  2 gnoll sergeants (D:10)
  3 scorpions
  Dowan (D:4)
  6 killer bees (D:8)
  4 howler monkeys
  A centaur zombie (Ossuary)
  2 human zombies (Ossuary)
  2 hounds
  A jelly (D:5)
  2 orc priests
  4 orc wizards
  Natasha (thrice) (D:4)
  5 iguanas
  5 mummies (Ossuary)
  8 gnolls
  7 adders
  A shadow imp (D:7)
  An ufetubus (D:6)
  3 worms (D:2)
  6 dart slugs
  23 orcs
  8 ball pythons
  5 bats
  8 endoplasms
  2 giant cockroaches
  6 goblins
  7 hobgoblins
  8 jackals
  4 quokkas
  2 frilled lizards
  3 gnoll zombies (Ossuary)
  13 kobolds
  A kobold zombie (Ossuary)
  An orc zombie (Ossuary)
  8 rats
223 creatures vanquished.

Vanquished Creatures (others)
  A bush (D:10)
  9 demonic plants (D:3)
  6 fungi
  23 plants
  6 withered plants (D:3)
45 creatures vanquished.

Grand Total: 268 creatures vanquished

Notes
Turn   | Place    | Note
-------+----------+-------------------------------------------
     0 | D:1      | rabbitsville the Demigod Earth Elementalist began the quest
                  | for the Orb.
     0 | D:1      | Reached XP level 1. HP: 14/14 MP: 5/5
    99 | D:1      | Reached skill level 3 in Earth Magic
   261 | D:1      | Reached XP level 2. HP: 20/20 MP: 2/7
   996 | D:1      | Reached XP level 3. HP: 26/26 MP: 7/9
  1836 | D:2      | Reached skill level 4 in Earth Magic
  1953 | D:2      | Reached XP level 4. HP: 33/33 MP: 8/10
  2901 | D:3      | Reached XP level 5. HP: 34/38 MP: 10/12
  3119 | D:4      | Noticed a black bear
  3128 | D:4      | Killed a black bear
  3129 | D:4      | Reached skill level 1 in Conjurations
  3129 | D:4      | Reached skill level 5 in Earth Magic
  3170 | D:4      | Noticed an ogre
  3195 | D:4      | Killed an ogre
  3196 | D:4      | Reached XP level 6. HP: 28/45 MP: 0/14
  3461 | D:4      | Found a sand-covered staircase.
  3472 | Ossuary  | Entered an ossuary
  3527 | Ossuary  | Learned a level 3 spell: Stone Arrow
  4419 | D:4      | Noticed Natasha
  4421 | D:4      | Killed Natasha
  4452 | D:4      | Noticed Natasha
  4457 | D:4      | Killed Natasha
  4458 | D:4      | Reached skill level 6 in Earth Magic
  4700 | D:4      | Reached XP level 7. HP: 50/50 MP: 12/16
  5120 | D:4      | Noticed Duvessa
  5123 | D:4      | Noticed Dowan
  5124 | D:4      | Killed Duvessa
  5127 | D:4      | Killed Dowan
  5270 | D:4      | Noticed Edmund
  5274 | D:4      | Killed Edmund
  5512 | D:4      | Noticed Natasha
  5518 | D:4      | Killed Natasha
  5558 | D:5      | Entered Level 5 of the Dungeon
  5558 | D:5      | Found Maetz's Antique Armour Boutique.
  5782 | D:5      | Reached skill level 7 in Earth Magic
  6062 | D:5      | Reached XP level 8. HP: 57/57 MP: 8/18
  6477 | D:5      | Found a staircase to the Ecumenical Temple.
  6884 | D:6      | Noticed Sigmund
  6907 | D:6      | Killed Sigmund
  6908 | D:6      | Reached skill level 5 in Spellcasting
  6908 | D:6      | Reached skill level 8 in Earth Magic
  7324 | D:6      | Found Tuvvuar's Antique Armour Shoppe.
  7333 | D:6      | Bought a heavily runed helmet for 171 gold pieces
  7333 | D:6      | Identified the +2 helmet of the Cartwright {Int+2} (You
                  | bought it in a shop on level 6 of the Dungeon)
  8043 | D:7      | Reached XP level 9. HP: 62/62 MP: 12/21
  8047 | D:7      | Reached skill level 5 in Conjurations
  8047 | D:7      | Reached skill level 9 in Earth Magic
  9242 | D:8      | Found Zeuh Foc's Lightly-Used Armoury.
  9658 | D:8      | Noticed Maggie
  9665 | D:8      | Killed Maggie
  9926 | D:8      | Reached skill level 1 in Transmutations
 10231 | D:8      | Reached skill level 10 in Earth Magic
 10859 | D:9      | Found a huge runed translucent gate.
 10859 | D:9      | Found a huge runed translucent gate.
 10859 | D:9      | Found a huge runed translucent gate.
 10859 | D:9      | Found a huge runed translucent gate.
 11213 | D:9      | Reached XP level 10. HP: 49/69 MP: 7/23
 11918 | D:10     | Entered Level 10 of the Dungeon
 12153 | D:10     | Noticed Harold
 12163 | D:10     | Killed Harold
 12164 | D:10     | Reached skill level 11 in Earth Magic
 12611 | D:10     | Found a staircase to the Lair.
 12918 | D:10     | Noticed a centaur warrior
 12920 | D:10     | Killed a centaur warrior
 12941 | D:10     | Reached XP level 11. HP: 27/74 MP: 12/26
 13189 | D:10     | Reached skill level 12 in Earth Magic
 13720 | D:10     | Noticed a boulder beetle
 13742 | D:10     | Mangled by a boulder beetle

Illustrated notes

Levels and vault maps discovered:
D:1:      minmay_arrival_stair_chambers, layout_basic, corner_web_ring,
          chequers_serial_rivers_room_b
D:2:      layout_rooms
D:3:      layout_rooms, shapermc_ecumenical_altar_gd
D:4:      layout_loops_ring, marbit_many_paths, lightli_temple_of_fire,
          lightli_ossuary_entry_decrepit_ruins, uniq_edmund, uniq_natasha,
          uniq_duvessa
D:5:      layout_basic, minmay_temple_entry_tees, serial_shops,
          nicolae_diamond_shop
D:6:      layout_loops_ring, grunt_dithmenos_smoke, fedhas_altar_4,
          amcnicky_altar_gilded, serial_shops, nicolae_shop_crystal,
          minivault_24, minmay_misc_feat_x,
          nicolae_concentric_dashed_squares_mild, uniq_sigmund
D:7:      layout_loops_corners, minivault_4
D:8:      layout_gridville, nicolae_overflow_crystal_walls, minmay_shop_damaged,
          patterned_corridor, uniq_maggie
D:9:      lemuel_bear_cage, layout_basic, lemuel_doored_altar,
          mainiacjoe_overflow_alcove_4, chequers_mini_garden
D:10:     layout_loops_corners, minmay_lair_entry_grove, special_room
          [special_room_orc], wad_scary_box, uniq_harold

Skill      XL: |  1  2  3  4  5  6  7  8  9 10 11 |
---------------+----------------------------------+-----
Earth Magic    | 3 4 5 6 7 8 10 11 12 | 12.0
Spellcasting   | 2 3 4 5 6 7 |  7.8
Conjurations   | 1 2 3 4 5 |  5.8
Transmutations | 2 4 |  4.9
Dodging        | |  1.7
Stealth        | |  1.7

Action                   |  1- 3 |  4- 6 |  7- 9 | 10-12 || total
-------------------------+-------+-------+-------+-------++-------
Melee: Unarmed           |     1 |       |       |       ||     1
       Short sword       |    67 |   118 |       |       ||   185
       Club              |     5 |       |       |       ||     5
       Punch             |     2 |     4 |       |       ||     6
       Flail             |       |       |    19 |     8 ||    27
       Mace              |       |       |     1 |       ||     1
 Cast: Sandblast         |    57 |    51 |    47 |    83 ||   238
       Stone Arrow       |       |    19 |   101 |    35 ||   155
Evoke: Wand              |       |     2 |       |       ||     2
  Use: Scroll            |       |     1 |       |       ||     1
       Potion            |       |       |       |     2 ||     2
 Stab: Sleeping          |       |     3 |       |       ||     3
       Distracted        |       |     1 |       |       ||     1
Armor: Robe              |    21 |    16 |    24 |    10 ||    71
Dodge: Dodged            |    62 |    81 |    59 |    35 ||   237

Table legend: (Time is in decaauts)
 A = Elapsed time spent in this place.
 B = Non-inter-level travel time spent in this place.
 C = Inter-level travel time spent in this place.
 D = Time resting spent in this place.
 E = Time spent auto-exploring this place.
 F = Levels seen in this place.
 G = Mean time per level.
                   A        B        C        D        E       F      G
               +--------+--------+--------+--------+--------+-----+--------+
         Total |  13776 |  13630 |    146 |   4847 |   5223 |  11 | 1252.4 |
       Dungeon |  12872 |  12726 |    146 |   4299 |   5223 |  10 | 1287.2 |
       Ossuary |    903 |    903 |      0 |    548 |      0 |   1 |  903.0 |
               +--------+--------+--------+--------+--------+-----+--------+

Top non-repeatable levels by time:
    D:10: 1825 daAuts
     D:4: 1577 daAuts
     D:8: 1568 daAuts
     D:1: 1252 daAuts
     D:5: 1235 daAuts
     D:7: 1224 daAuts
     D:6: 1188 daAuts
     D:9: 1151 daAuts
     D:2: 1084 daAuts
 Ossuary: 903 daAuts
     D:3: 763 daAuts
